 Dungeon Crawl Stone Soup version 0.29.1-1-gd02db6906a (webtiles) character file.

Game seed: 11717758821900187527

18 lmSkywalker the Caller (level 2, 0/19 HPs)
             Began as a Formicid Summoner on Sept 18, 2022.
             Succumbed to an adder's poison
             ... on level 2 of the Dungeon.
             The game lasted 00:05:22 (957 turns).

lmSkywalker the Caller (Formicid Summoner)           Turns: 957, Time: 00:05:23

Health: 0/19       AC:  2    Str: 10 (12) XL:     2   Next: 85%
Magic:  3/5        EV: 12    Int: 12 (14) God:
Gold:   33         SH:  0    Dex: 13 (14) Spells: 3/6 levels left

rFire   . . .      SeeInvis +   f - +0 spear
rCold   . . .      Faith    .   (no shield)
rNeg    . . .      Spirit   .   a - +0 robe
rPois   .          Reflect  .   (helmet unavailable)
rElec   .          Harm     .   (no cloak)
rCorr   .          Rampage  .   (no gloves)
Will    .....                   (no boots)
Stlth   ++........              (no amulet)
HPRegen 0.06/turn               (no ring)
MPRegen 0.09/turn               (no ring)

@: mighty, lethally poisoned (0 -> -4)
A: permanent stasis, dig shafts and tunnels, antennae 3, four strong arms
a: Dig, Shaft Self


You were on level 2 of the Dungeon.
You visited 1 branch of the dungeon, and saw 2 of its levels.

You collected 33 gold pieces.

Inventory:

Hand Weapons
 d - a +0 short sword
 f - a +0 spear (weapon)
Armour
 a - a +0 robe (worn)
Scrolls
 c - a scroll of torment {unknown}
 h - a scroll of teleportation {unknown}
Potions
 b - a potion of magic


   Skills:
 - Level 1.7 Dodging
 - Level 2.4 Stealth
 + Level 2.8 Spellcasting
 + Level 4.3 Summonings


You had 3 spell levels left.
You knew the following spells:

 Your Spells              Type           Power      Damage    Failure   Level
a - Summon Small Mammal   Summ           48%        N/A       4%          1
b - Call Imp              Summ           12%        N/A       6%          2

Your spell library contained the following spells:

 Spells                   Type           Power      Damage    Failure   Level
 Call Canine Familiar     Summ           12%        N/A       12%         3
 Summon Guardian Golem    Hex/Summ       6%         N/A       30%         3
 Summon Lightning Spire   Summ/Air       6%         N/A       71%         4
 Dispersal                Tloc           0%         N/A       100%        6
 Disjunction              Tloc           0%         N/A       100%        8


Dungeon Overview and Level Annotations

Branches:
Dungeon (2/15)

Altars:


Innate Abilities, Weirdness & Mutations

You cannot be hasted, slowed, berserked, paralysed or teleported.
You can dig through walls and to a lower floor.
You have a pair of large antennae on your head. (SInv)
Your four strong arms can wield two-handed weapons with a shield.


Message History

You feel sick.
Your bat misses the adder.
Your bat barely misses the adder.
Your bat hits the adder. The adder bites you.
Your quokka barely misses the adder.
You miss the adder.
The adder is heavily wounded.
You feel sick.
Your bat hits the adder. The adder bites you.
You are more poisoned.
The adder poisons you!
Your quokka misses the adder. The adder barely misses you.
Your quokka bites the adder.
You miss the adder.
The adder is severely wounded.
You feel sick.
Your bat hits the adder but does no damage. x2
Your bat hits the adder. The adder closely misses your bat.
Your quokka misses the adder. You closely miss the adder.
The adder is almost dead.
You feel sick.
Your quokka disappears in a puff of smoke!
Your bat misses the adder. x2; The adder bites you.
* * * LOW HITPOINT WARNING * * *
You are lethally poisoned!
The adder poisons you! The adder barely misses you.
Your bat barely misses the adder.
You barely miss the adder.
The adder is severely wounded.
* * * LOW HITPOINT WARNING * * *
You feel sick.
Your bat closely misses the adder.
The adder barely misses you.
It was a potion of might.
You feel very mighty all of a sudden.
* * * LOW HITPOINT WARNING * * *
You feel sick. The adder barely misses you.
It was a potion of degeneration.
There was something very wrong with that liquid.
You feel weakened.
You feel dopey.
You feel clumsy.
* * * LOW HITPOINT WARNING * * *
You feel sick. The adder barely misses you. The adder closely misses you.
Your crimson imp blinks!
You swap places.
You die...

..# #.# ####.#### ##
####....#.. ..
...#.#..#.##.####
.................
........#S##.#######
#..@b..#.#<....#
#.5......#####.####
#..#..........# #.##.#
#.>......#.######.##.#
##.####....#.........#
#.####.####.####.##.##
..........>..)........#
.#.####.####..........#
#.# #[.###.#.###


You could see an adder (ally target), a friendly crimson imp (summoned) and a
friendly bat (summoned).

Vanquished Creatures
  A giant cockroach (D:1)
  A jackal (D:1)
  2 kobolds
  A quokka (D:1)
  A frilled lizard (D:1)
6 creatures vanquished.

Vanquished Creatures (collateral kills)
  A ball python (D:1)
  A bat (D:1)
  2 goblins (D:1)
  2 hobgoblins
  2 kobolds (D:1)
  A rat (D:1)
9 creatures vanquished.

Grand Total: 15 creatures vanquished

Notes
Turn   | Place    | Note
-------+----------+-------------------------------------------
     0 | D:1      | lmSkywalker the Formicid Summoner began the quest for the
                  | Orb.
     0 | D:1      | Reached XP level 1. HP: 13/13 MP: 3/3
   194 | D:1      | Reached XP level 2. HP: 19/19 MP: 1/5
   197 | D:1      | Learned a level 2 spell: Call Imp
   957 | D:2      | Succumbed to an adder's poison

Illustrated notes

Levels and vault maps discovered:
D:1:      dpeg_arrival_leaves_temple_mockup, layout_rooms, minmay_unequal
D:2:      layout_basic, dreamdust_ecumenical_altar_statues,
          uniq_crazy_yiuf_cottage

Action                   || total
-------------------------++-------
Melee: Short sword       ||     2
       Unarmed           ||     1
       Spear             ||    33
 Cast: Summon Small Mamm ||    15
       Call Imp          ||     7
  Use: Potion            ||     2
 Stab: Sleeping          ||     4
Armor: Robe              ||     5
Dodge: Dodged            ||    31
